 Dungeon Crawl Stone Soup version 0.30-a0-728-gc68057be0a (webtiles) character file.

Game seed: 12093606587333618969

2809 gruber the Covert (level 9, 0/48 HPs)
             Began as a Vine Stalker Brigand on Jan 31, 2023.
             Was a Follower of Uskayaw.
             Slain by an orc warrior
             ... wielding a +0 glaive
              (16 damage)
             ... on level 7 of the Dungeon.
             The game lasted 00:07:23 (5470 turns).

gruber the Covert (Vine Stalker Brigand)            Turns: 5470, Time: 00:07:23

Health: 0/48       AC:  8    Str: 15    XL:     9   Next: 72%
Magic:  0/10       EV: 12    Int: 11    God:    Uskayaw [*.....]
Gold:   504        SH:  0    Dex: 19    Spells: 8/8 levels left

rFire   . . .      SeeInvis .    z - +2 dagger (speed)
rCold   + . .      Faith    .    (no shield)
rNeg    . . .      Spirit   +    C - +3 leather armour {rC+}
rPois   .          Reflect  .    (no helmet)
rElec   .          Harm     .    c - +0 cloak
rCorr   .          Rampage  .    (no gloves)
Will    ++...                    t - +0 pair of boots
Stlth   +++++                    (no amulet)
HPRegen 1.08/turn                s - ring of willpower
MPRegen 0.12/turn                (no ring)

@: no status effects
A: fangs 3, regeneration 1, magic shield, antimagic bite, no potion heal 2
a: Renounce Religion, Stomp


You were on level 7 of the Dungeon.
You worshipped Uskayaw.
Uskayaw was noncommittal.
You visited 2 branches of the dungeon, and saw 8 of its levels.

You collected 504 gold pieces.

Inventory:

Hand Weapons
 p - a +2 dagger of venom
 z - a +2 dagger of speed (weapon)
Missiles
 d - 17 poisoned darts (quivered)
 e - 6 curare-tipped darts
 q - 2 throwing nets
 F - 5 datura-tipped darts
Armour
 c - a +0 cloak (worn)
 t - a +0 pair of boots (worn)
 C - a +3 leather armour of cold resistance (worn)
Jewellery
 r - a ring of flight
 s - a ring of willpower (left hand)
Wands
 o - a wand of light (7)
 A - a wand of mindburst (13)
Scrolls
 f - a scroll of brand weapon {unknown}
 h - a scroll of summoning {unknown}
 i - 2 scrolls of enchant weapon {unknown}
 l - a scroll of amnesia {unknown}
 m - 10 scrolls of identify {unknown}
 n - 6 scrolls of teleportation {unknown}
 v - a scroll of noise {unknown}
 w - a scroll of blinking {unknown}
 x - a scroll of enchant armour {unknown}
 y - 3 scrolls of magic mapping {unknown}
 B - a scroll of immolation {unknown}
 E - a scroll of fog {unknown}
Potions
 a - 3 potions of haste {unknown}
 b - a potion of mutation {unknown}
 g - a potion of flight {unknown}
 j - 4 potions of curing
 k - 4 potions of heal wounds {unknown}
 u - a potion of ambrosia {unknown}
 D - a potion of degeneration {unknown}


   Skills:
 - Level 6.1 Fighting
 - Level 6.0 Short Blades
 - Level 1.7 Throwing
 * Level 2.4 Armour
 - Level 2.0 Dodging
 - Level 12.0 Stealth


You had 8 spell levels left.
You didn't know any spells.
Your spell library contained the following spells:

 Spells                   Type           Power      Damage    Failure   Level
 Necrotise                Necr           0%         1d4       41%         1
 Shock                    Conj/Air       0%         1d3       41%         1
 Blink                    Tloc           0%         N/A       54%         2
 Lesser Beckoning         Tloc           0%         N/A       54%         2
 Momentum Strike          Conj/Tloc      0%         3d8       54%         2
 Frozen Ramparts          Ice            0%         1d1       78%         3
 Stone Arrow              Conj/Erth      0%         3d7       78%         3
 Swiftness                Air            0%         N/A       78%         3
 Vampiric Draining        Necr           0%         2d6       78%         3
 Airstrike                Air            0%         2d(0-16)  99%         4
 Animate Armour           Summ/Erth      0%         N/A       99%         4
 Ice Form                 Ice/Tmut       0%         N/A       99%         4
 Summon Ice Beast         Ice/Summ       0%         N/A       99%         4
 Agony                    Necr           0%         N/A       100%        5
 Lehudib's Crystal Spear  Conj/Erth      0%         10d2      100%        8


Dungeon Overview and Level Annotations

Branches:
Dungeon (7/15)             Temple (1/1) D:6

Altars:
Ashenzari
Dithmenos
Elyvilon
Gozag
Hepliaklqana
Kikubaaqudgha
Makhleb
Nemelex Xobeh
Okawaru
Qazlal
Sif Muna
Trog
Uskayaw
Wu Jian
Xom
Yredelemnul
Zin
The Shining One

Shops:
D:7 (!*


Innate Abilities, Weirdness & Mutations

You have razor-sharp teeth.
Your natural rate of healing is unusually fast.
When hurt, damage is shared between your health and your magic reserves.
Your bite disrupts and absorbs the magic of your enemies.
Potions cannot restore your health.


Message History

You bite the orc warrior, but do no damage.
The orc warrior is lightly wounded.
You hit the orc warrior but do no damage.
Your bite misses the orc warrior.
The orc warrior is lightly wounded.
The orc warrior hits you with a +0 glaive!!
You are too injured to fight recklessly!
You are too injured to fight recklessly!
You are too injured to fight recklessly!
You are too injured to fight recklessly!
You are too injured to fight recklessly!
You are too injured to fight recklessly!
You are too injured to fight recklessly!
You are too injured to fight recklessly!
You are too injured to fight recklessly!
You are too injured to fight recklessly!
You are too injured to fight recklessly!
You are too injured to fight recklessly!
You are too injured to fight recklessly!
You are too injured to fight recklessly!
You hit the orc warrior but do no damage.
The orc warrior is lightly wounded.
You hit the orc warrior. Your bite misses the orc warrior.
The orc warrior is moderately wounded.
The orc warrior hits you with a +0 glaive!
You closely miss the orc warrior.
The orc warrior is moderately wounded.
You hit the orc warrior but do no damage.
The orc warrior is moderately wounded.
You hit the orc warrior.
You bite the orc warrior, but do no damage.
The orc warrior is heavily wounded.
The orc warrior hits you with a +0 glaive.
You closely miss the orc warrior.
You bite the orc warrior, but do no damage.
The orc warrior is heavily wounded.
You hit the orc warrior but do no damage.
The orc warrior is heavily wounded.
The orc warrior hits you with a +0 glaive!!
You die...

.# #....(..... #
#....(.... #
#.##..#.#
.###.#######.##....#
# #..
/.....).).##.#..# ##
#.. ####.#.#......#
)###.#
###.#.####._.#
#...##.# #.....#
#...# #).<...#
#.###@####.#.## ..
#))##### #o........#
#. #..# #.#######.#
#. ...# ..# #.# #.
##.# #.# #.##### #.
#.# #.# #.....# #.
#.# ..# #####.###.
##.# ..# #....>. ..
#..###.


You could see an orc warrior.

Vanquished Creatures
  Prince Ribbit (D:7)
  A shadow (D:5)
  A steam dragon (D:6)
  Duvessa (D:7)
  3 water moccasins
  A black bear (D:7)
  3 orc warriors (D:7)
  2 centaurs (D:6)
  2 phantoms (D:6)
  A bullfrog (D:5)
  A scorpion (D:7)
  2 necrophages (D:5)
  Dowan (D:7)
  2 howler monkeys
  6 hounds
  4 orc priests
  2 gnoll boudas (D:5)
  Jessica (D:3)
  2 orc wizards
  4 iguanas (D:5)
  6 gnolls
  10 adders
  A shadow imp (D:7)
  3 white imps
  2 ufetubi
  4 worms
  4 dart slugs
  32 orcs
  5 ball pythons
  5 endoplasms
  3 giant cockroaches (D:4)
  6 goblins
  6 hobgoblins
  2 jackals (D:2)
  4 quokkas
  3 bats
  8 frilled lizards
  3 kobolds
  7 rats
155 creatures vanquished.

Notes
Turn   | Place    | Note
-------+----------+-------------------------------------------
     0 | D:1      | gruber the Vine Stalker Brigand began the quest for the
                  | Orb.
     0 | D:1      | Reached XP level 1. HP: 11/11 MP: 2/2
    94 | D:1      | Reached XP level 2. HP: 15/15 MP: 3/3
   339 | D:1      | Reached XP level 3. HP: 18/18 MP: 4/4
   908 | D:2      | HP: 1/27 [poisoned by an adder]
  1156 | D:2      | Gained mutation: Your natural rate of healing is unusually
                  | fast. [Vine Stalker growth]
  1156 | D:2      | Reached XP level 4. HP: 23/23 MP: 5/5
  1588 | D:3      | Found an ancient bone altar of Kikubaaqudgha.
  1616 | D:3      | Found a shadowy altar of Dithmenos.
  1704 | D:3      | Found a faded altar of an unknown god.
  1984 | D:3      | Noticed Jessica
  1992 | D:3      | Killed Jessica
  2018 | D:3      | Reached XP level 5. HP: 26/26 MP: 6/6
  2216 | D:3      | Noticed a moth of wrath
  2220 | D:3      | Found a bloodstained altar of Trog.
  3036 | D:5      | Entered Level 5 of the Dungeon
  3062 | D:5      | Reached skill level 5 in Short Blades
  3125 | D:5      | Reached XP level 6. HP: 30/30 MP: 5/7
  3301 | D:5      | Found a basalt altar of Yredelemnul.
  3759 | D:5      | Reached XP level 7. HP: 20/37 MP: 6/8
  3830 | D:5      | Noticed a shadow
  3840 | D:5      | Killed a shadow
  3841 | D:5      | Reached skill level 5 in Fighting
  3962 | D:5      | Reached skill level 1 in Dodging
  4005 | D:5      | Gained mutation: You have razor-sharp teeth. [Vine Stalker
                  | growth]
  4005 | D:5      | Reached XP level 8. HP: 44/44 MP: 9/9
  4041 | D:5      | Reached skill level 5 in Stealth
  4133 | D:6      | Reached skill level 6 in Stealth
  4204 | D:6      | Reached skill level 7 in Stealth
  4218 | D:6      | Reached skill level 8 in Stealth
  4333 | D:6      | Found a staircase to the Ecumenical Temple.
  4394 | Temple   | Entered the Ecumenical Temple
  4446 | Temple   | Became a worshipper of Uskayaw the Reveller
  4492 | D:6      | Reached * piety under Uskayaw
  4493 | D:6      | Reached skill level 9 in Stealth
  4503 | D:6      | Reached ** piety under Uskayaw
  4511 | D:6      | HP: 1/44 [water moccasin (3)]
  4515 | D:6      | Reached *** piety under Uskayaw
  4596 | D:6      | Reached skill level 10 in Stealth
  4596 | D:6      | Reached XP level 9. HP: 47/48 MP: 10/10
  4869 | D:7      | Found Bivineug's Distillery.
  4944 | D:7      | Reached skill level 11 in Stealth
  4980 | D:7      | Reached **** piety under Uskayaw
  4989 | D:7      | Reached ***** piety under Uskayaw
  5004 | D:7      | Found Ucycinahis's Antique Weapon Shoppe.
  5028 | D:7      | Noticed Prince Ribbit
  5045 | D:7      | Killed Prince Ribbit
  5046 | D:7      | Reached skill level 12 in Stealth
  5139 | D:7      | Found Suocw's General Store.
  5295 | D:7      | Reached skill level 1 in Armour
  5368 | D:7      | Identified the +6 plate armour of the Big Bang {Str+2 Int+3
                  | Dex+3}
  5368 | D:7      | Noticed Duvessa
  5369 | D:7      | Noticed Dowan
  5389 | D:7      | Killed Dowan
  5391 | D:7      | Killed Duvessa
  5431 | D:7      | Found a sparkling altar of Nemelex Xobeh.
  5470 | D:7      | Slain by an orc warrior

Illustrated notes

Levels and vault maps discovered:
D:1:      roderic_crossed_star, layout_basic
D:2:      layout_basic, serial_glass, glass_columns_a, glass_columns_c,
          glass_columns_b, glass_columns_a, glass_columns_c, glass_columns_a,
          glass_columns_b, glass_columns_a, hex_intersection
D:3:      layout_loops_ring, tgw_trog, mainiacjoe_overflow_two_lobes,
          basic_ecumenical_altar, minmay_close_crescents, uniq_jessica
D:4:      layout_loops_ring
D:5:      kennysheep_windowed_halls, layout_basic, mainiacjoe_overflow_catwalk,
          serial_bayou_pond_d
D:6:      layout_cave_pools, minmay_temple_entry_glassed_door,
          hangedman_abyss_or_decor_passed
D:7:      layout_loops_ring, mainiacjoe_overflow_tiny_flanked, serial_shops,
          shop, nicolae_take_the_stairs, shop, uniq_prince_ribbit1, uniq_duvessa
Temple:   eino_wide_crystal_templ

Skill      XL: |  1  2  3  4  5  6  7  8  9 |
---------------+----------------------------+-----
Short Blades   | 2 3 4 5 6 |  6.0
Fighting       | 2 4 6 |  6.1
Dodging        | 1 2 |  2.0
Stealth        | 10 12 | 12.0
Armour         | 2 |  2.4
Throwing       | |  1.7

Action                     |  1- 3 |  4- 6 |  7- 9 || total
---------------------------+-------+-------+-------++-------
  Melee: Dagger            |    72 |   155 |   317 ||   544
         Bite              |    15 |    45 |   116 ||   176
         Punch             |       |     2 |     5 ||     7
  Throw: Dart              |     9 |       |     8 ||    17
 Invoke: Stomp             |       |       |     1 ||     1
  Evoke: Wand              |       |       |     2 ||     2
    Use: Potion            |     1 |       |     1 ||     2
   Stab: Sleeping          |    11 |    15 |     7 ||    33
         Distracted        |       |     1 |     1 ||     2
         Invisible         |       |       |     1 ||     1
         Paralysed         |       |       |     7 ||     7
 Armour: Robe              |     5 |    12 |    43 ||    60
         Skin              |     2 |       |       ||     2
         Leather armour    |       |       |     6 ||     6
  Dodge: Dodged            |    30 |    52 |   107 ||   189

Table legend: (Time is in decaauts)
 A = Elapsed time spent in this place.
 B = Non-inter-level travel time spent in this place.
 C = Inter-level travel time spent in this place.
 D = Time resting spent in this place.
 E = Time spent auto-exploring this place.
 F = Levels seen in this place.
 G = Mean time per level.
                   A        B        C        D        E       F      G
               +--------+--------+--------+--------+--------+-----+--------+
         Total |   5281 |   5038 |    243 |     53 |   3855 |   8 |  660.1 |
       Dungeon |   5206 |   4996 |    210 |     53 |   3823 |   7 |  743.7 |
        Temple |     74 |     41 |     33 |      0 |     32 |   1 |   74.0 |
               +--------+--------+--------+--------+--------+-----+--------+

Top non-repeatable levels by time:
     D:5: 1046 daAuts
     D:3: 808 daAuts
     D:2: 786 daAuts
     D:1: 721 daAuts
     D:4: 689 daAuts
     D:6: 608 daAuts
     D:7: 545 daAuts
  Temple: 74 daAuts
